 Dungeon Sprint DCSS version 0.28-a0-239-g68911e0c57 (webtiles) character file.

Game seed: 10415835995772502694

82485 MikeHunt the End of an Era (level 15, -10/131 (139) HPs)
             Began as a Demonspawn Gladiator on Aug 23, 2021.
             Was the Champion of Qazlal.
             Killed from afar by a shadow dragon (39 damage)
             ... with a bolt of negative energy
             ... in the Dungeon (Sprint VII: "The Pits").
             The game lasted 00:24:01 (4764 turns).

MikeHunt the End of an Era (Demonspawn Gladiator)   Turns: 4764, Time: 00:24:01

HP:   -10/131 (139) AC: 23    Str: 25    XL:     15   Next: 29%
MP:   25/30         EV: 22    Int: 16    God:    Qazlal [******]
Gold: 66            SH:  8    Dex: 23    Spells: 14/14 levels left

rFire   + . .      SeeInvis .   L - +0 battleaxe (drain)
rCold   + . .      Faith    .   (shield currently unavailable)
rNeg    . . .      Spirit   .   n - +4 scale mail {rF+}
rPois   .          Reflect  .   c - +0 helmet
rElec   .          Harm     .   H - +0 cloak
rCorr   .          Rampage  .   s - +0 pair of gloves
Will    +....      NoTele   +   (boots unavailable)
Stlth   ..........              (no amulet)
HPRegen 0.31/turn               A - +6 ring of strength
MPRegen 0.22/turn               M - ring "Xyemotij" {rC+ Str+2 Dex+5}

@: protected from physical damage, glowing, drained, repel missiles
A: talons 3, demonic guardian 1, powered by pain 2, big brain 3
a: Renounce Religion, Upheaval, Elemental Force, Disaster Area


You were in the Dungeon.
You worshipped Qazlal.
Qazlal was exalted by your worship.
You visited 1 branch You collected 66 gold pieces.

Inventory:

Hand Weapons
 a - a +0 war axe
 b - a +1 broad axe of freezing
 B - a +2 broad axe of flaming
 L - a +0 battleaxe of draining (weapon)
Missiles
 d - 3 throwing nets (quivered)
 j - 2 curare-tipped darts
 K - 8 silver javelins
Armour
 c - a +0 helmet (worn)
 m - a +2 plate armour
 n - a +4 scale mail of fire resistance (worn)
 s - a +0 pair of gloves (worn)
 t - a +0 cloak
 u - a +4 chain mail
 H - a +0 cloak (worn)
Jewellery
 i - a +3 ring of intelligence
 o - a +3 ring of dexterity
 q - a +6 ring of intelligence
 A - a +6 ring of strength (left hand)
 C - a ring of fire
 D - a ring of positive energy
 M - the ring "Xyemotij" (right hand) {rC+ Str+2 Dex+5}
   (You took it off a cherub in the Dungeon)

   [ring of protection from cold]

   Str:       It affects your strength (+2).
   Dex:       It affects your dexterity (+5).
   rC:        It protects you from cold.
 N - a +4 ring of evasion
Scrolls
 l - a scroll of summoning
 v - 3 scrolls of identify
 w - 3 scrolls of fog
 x - 2 scrolls of enchant armour
 y - 4 scrolls of enchant weapon
 G - a scroll of magic mapping
Potions
 e - 11 potions of curing
 f - 3 potions of heal wounds
 g - 2 potions of haste
 h - a potion of magic
 k - a potion of invisibility
 p - 2 potions of mutation
 r - 2 potions of might
 z - 3 potions of brilliance
 E - a potion of cancellation
Miscellaneous
 F - a phantom mirror
 I - a tin of tremorstones (1/2)
 J - a lightning rod (4/4)
 O - a box of beasts (inert)


   Skills:
 + Level 19.1 Fighting
 - Level 20.0 Axes
 - Level 1.7 Throwing
 + Level 17.2 Armour
 + Level 15.5 Dodging
 + Level 23.8 Invocations
 + Level 11.0 Evocations


You had 14 spell levels left.
You didn't know any spells.
Your spell library contained the following spells:

 Spells                   Type           Power      Damage    Failure   Level
 Shock                    Conj/Air       0%         1d3       17%         1
 Ozocubu's Armour         Ice            0%         N/A       45%         3
 Stone Arrow              Conj/Erth      0%         3d7       45%         3
 Swiftness                Air            0%         N/A       45%         3
 Airstrike                Air            0%         N/A       83%         4
 Animate Dead             Necr           0%         N/A       83%         4
 Bolt of Magma            Conj/Fire/Erth 0%         4d4       99%         5
 Metabolic Englaciation   Hex/Ice        0%         N/A       99%         5
 Simulacrum               Ice/Necr       0%         N/A       100%        6
 Haunt                    Necr/Summ      0%         N/A       100%        7
 Infestation              Necr           0%         N/A       100%        8
 Shatter                  Erth           0%         3d5*      100%        9


Dungeon Overview and Level Annotations

Branches:
Dungeon (1/1)

Altars:
Ashenzari
Cheibriados
Dithmenos
Elyvilon
Fedhas
Gozag
Hepliaklqana
Kikubaaqudgha
Makhleb
Nemelex Xobeh
Okawaru
Qazlal
Ru
Sif Muna
Trog
Uskayaw
Vehumet
Wu Jian
Xom
Yredelemnul
Zin
The Shining One
Beogh
Jiyva
Lugonu


Innate Abilities, Weirdness & Mutations

You have claws for feet.
A weak demonic guardian rushes to your aid.
You sometimes gain power by taking damage.
You have an absolutely massive brain. (Int +6, Wiz)


Message History

You slash the apis!
Your orange demon closely misses the angel.
The angel gestures.
The angel is healed somewhat.
The apis is engulfed in blazing flames.
The apis gores you but does no damage.
Unknown command.
Unknown command.
Okay, then.
Unknown command.
Press: ? - help, v - describe, . - travel
Here: an angel, wielding a +1 whip of holy wrath and wearing a +0 robe (severely wounded, ally target, haloed)
The floor.
Really release a tremorstone near your orange demon?
The tremorstone explodes into fragments!
The burst of rock shards engulfs the shadow dragon!
Your demonic guardian avoids your attack.
The burst of rock shards engulfs the apis but does no damage.
The burst of rock shards engulfs the angel.
The burst of rock shards engulfs the shadow dragon.
Your demonic guardian avoids your attack.
The burst of rock shards engulfs you but does no damage.
Your demonic guardian avoids your attack.
The burst of rock shards engulfs the shadow dragon but does no damage.
The burst of rock shards engulfs the shadow dragon!
Your demonic guardian avoids your attack.
You hear a roar!
The angel gestures.
The angel is healed somewhat.
Your orange demon stings the angel from afar.
The apis is engulfed in blazing flames.
The apis barely misses you.
You barely miss the angel. Your kick misses the angel.
The angel is severely wounded.
You slash the apis!
The angel gestures.
The angel is healed somewhat.
Your orange demon misses the angel.
The shadow dragon breathes negative energy at you.
The bolt of negative energy hits the apis.
The apis completely resists.
The bolt of negative energy hits you!!!
You feel drained.
You die...

##..'').#....#..#
.#.)'')...≈≈....# #
######.......≈≈.# ≈.
######†)#.≈.≈#≈≈# .[.
.....'...≈...≈≈.# )≈.)
....)..........≈#####)≈###
##..##..#....#.≈##.......##
.#..##.........§[A§†.)....#
##.)##........°)@YD4.......#
.#..####''####++############
##..####''####++#################
.#..##......##................†..
##÷.##.#'##.##..)................
.)..##.#))+.##..##############++#
....##.'.)#.##..#
######.#.['.##..#
######.+(.#.##..#


You could see a shadow dragon (catching breath), an apis, an angel (ally target)
and a friendly orange demon (summoned).

Vanquished Creatures
  Nikola (D)
  A profane servitor (D)
  An Ice Fiend (D)
  A deep elf master archer (D)
  2 death cobs (D)
  Agnes (D)
  A draconian monk (D)
  A sphinx (D)
  2 nagarajas (D)
  A ghost moth (D)
  A frost giant (D)
  Louise (D)
  An angel (D)
  2 orc warlords (D)
  A stone giant (D)
  A vampire knight (D)
  An apis (D)
  A minotaur (D)
  3 black draconians (D)
  A white draconian (D)
  A lorocyproca (D)
  A red draconian (D)
  2 eidola (D)
  Josephine (D)
  2 green deaths (D)
  3 mummy priests (D)
  A fire dragon (D)
  2 great orbs of eyes (D)
  A vault guard (D)
  An ice dragon (D)
  A deep elf high priest (D)
  A hydra (D)
  A naga warrior (D)
  A rakshasa (D)
  An ogre mage (D)
  2 catoblepae (D)
  An alligator snapping turtle (D)
  A boulder beetle (D)
  A merfolk avatar (D)
  2 death knights (D)
  2 death yaks (D)
  2 deep troll shamans (D)
  An anaconda (D)
  Sonja (D)
  2 sun demons (D)
  An iron troll (D)
  A sea snake (D)
  A cherub (D)
  A swamp dragon (D)
  2 spriggan druids (D)
  2 deep trolls (D)
  2 wizards (D)
  2 lindwurms (D)
  An orc knight (D)
  2 ugly things (D)
  3 deep elf pyromancers (D)
  2 cyclopes (D)
  An elephant (D)
  A manticore (D)
  A guardian serpent (D)
  An eye of devastation (shapeshifter) (D)
  An orange demon (D)
  2 unseen horrors (D)
  An efreet (D)
  2 komodo dragons (D)
  An ice devil (D)
  2 red devils (D)
  A yaktaur (D)
  A guardian mummy (D)
  3 jumping spiders (D)
  A troll (D)
  A tyrant leech (D)
  A wind drake (D)
  A hornet (D)
  A snapping turtle (D)
  A water elemental (D)
  8 redbacks (D)
  4 wraiths (D)
  A spriggan (D)
  A vampire (D)
  A fire bat (D)
  A steam dragon (D)
  A golden eye (shapeshifter) (D)
  A golden eye (D)
  A fire elemental (D)
  Grum (D)
  A small abomination (D)
  A neqoxec (D)
  4 wargs (D)
  2 nagas (D)
  An acid dragon (D)
  A floating eye (shapeshifter) (D)
  A floating eye (D)
  5 hell hounds (D)
  A swamp drake (D)
  6 orc warriors (D)
  A sky beast (D)
  A black bear (D)
  An ogre (D)
  4 wolves (D)
  2 centaurs (D)
  2 bullfrogs (D)
  A hound (D)
  A gnoll shaman (D)
  2 orc wizards (D)
  2 hell rats (D)
  A mummy (D)
  6 gnolls (D)
  A river rat (D)
  A white imp (D)
  An ufetubus (D)
  An adder zombie (D)
  5 orcs (D)
  3 bat skeletons (D)
  An endoplasm (D)
  3 giant cockroaches (D)
  A goblin (D)
  5 jackals (D)
  A quokka (D)
  2 ball pythons (D)
  2 ball python skeletons (D)
  A giant cockroach zombie (D)
  A jackal skeleton (D)
  A quokka skeleton (D)
  2 quokka zombies (D)
203 creatures vanquished.

Vanquished Creatures (collateral kills)
  A tentacled monstrosity (D)
  A death yak (D)
  A black mamba (D)
  A wind drake (D)
  A redback (D)
  4 vampire mosquitoes (D)
  A wolf (D)
  A gnoll (D)
  A jackal (D)
12 creatures vanquished.

Vanquished Creatures (others)
  Frederick (D)
  An orc warrior (D)
  An orc priest (D)
3 creatures vanquished.

Grand Total: 218 creatures vanquished

Notes
Turn   | Place    | Note
-------+----------+-------------------------------------------
     0 | D        | MikeHunt the Demonspawn Gladiator began the quest for the
                  | Orb.
     0 | D        | Reached XP level 1. HP: 16/16 MP: 1/1
    15 | D        | Found a bloodstained altar of Trog.
    15 | D        | Found a shimmering blue altar of Sif Muna.
    15 | D        | Found a viscous altar of Jiyva.
    15 | D        | Found a hazy altar of Hepliaklqana.
    15 | D        | Found an opulent altar of Gozag.
    16 | D        | Found a basalt altar of Yredelemnul.
    16 | D        | Found a shimmering altar of Xom.
    16 | D        | Found an ornate altar of the Wu Jian Council.
    16 | D        | Found a sacrificial altar of Ru.
    16 | D        | Found a stormy altar of Qazlal.
    16 | D        | Found an iron altar of Okawaru.
    16 | D        | Found a sparkling altar of Nemelex Xobeh.
    16 | D        | Found a burning altar of Makhleb.
    16 | D        | Found a blossoming altar of Fedhas.
    16 | D        | Found a shadowy altar of Dithmenos.
    16 | D        | Found a snail-covered altar of Cheibriados.
    17 | D        | Found a radiant altar of Vehumet.
    17 | D        | Found a corrupted altar of Lugonu.
    18 | D        | Found a hide-covered altar of Uskayaw.
    18 | D        | Found an ancient bone altar of Kikubaaqudgha.
    18 | D        | Found a broken altar of Ashenzari.
    22 | D        | Became a worshipper of Qazlal Stormbringer
    56 | D        | Noticed a floating eye
    57 | D        | Paralysed by a floating eye for 2 turns
    61 | D        | Gained mutation: A weak demonic guardian rushes to your
                  | aid. [demonic ancestry]
    61 | D        | Reached XP level 2. HP: 9/22 MP: 2/2
    61 | D        | Killed a floating eye
    61 | D        | Reached * piety under Qazlal
    62 | D        | Gained mutation: You have sharp toenails. [demonic
                  | ancestry]
    62 | D        | Reached XP level 3. HP: 11/27 MP: 3/3
    62 | D        | Gained mutation: You have an unusually large brain. (Int
                  | +2) [demonic ancestry]
    62 | D        | Reached XP level 4. HP: 13/33 MP: 4/4
   275 | D        | Reached ** piety under Qazlal
   281 | D        | Reached skill level 1 in Invocations
   283 | D        | Reached skill level 2 in Invocations
   285 | D        | Reached *** piety under Qazlal
   286 | D        | Reached XP level 5. HP: 36/38 MP: 4/7
   442 | D        | Reached skill level 3 in Invocations
   448 | D        | Reached skill level 4 in Invocations
   451 | D        | Noticed a wolf
   451 | D        | Reached **** piety under Qazlal
   452 | D        | Reached skill level 5 in Invocations
   453 | D        | Reached skill level 10 in Axes
   453 | D        | Reached skill level 6 in Invocations
   460 | D        | Killed a wolf
   461 | D        | Reached skill level 7 in Invocations
   461 | D        | Reached XP level 6. HP: 33/44 MP: 1/11
   462 | D        | Reached ***** piety under Qazlal
   478 | D        | Reached skill level 8 in Invocations
   551 | D        | Noticed an ogre mage
   561 | D        | Killed an ogre mage
   562 | D        | Reached skill level 13 in Invocations
   562 | D        | Gained mutation: You sometimes gain a little power by
                  | taking damage. [demonic ancestry]
   562 | D        | Reached XP level 7. HP: 42/50 MP: 12/16
   688 | D        | Noticed a fire bat
   692 | D        | Reached XP level 8. HP: 56/56 MP: 12/17
   730 | D        | Noticed a troll
   730 | D        | Noticed a komodo dragon
   735 | D        | Killed a troll
   735 | D        | Killed a komodo dragon
   735 | D        | Reached ****** piety under Qazlal
   736 | D        | Reached skill level 15 in Invocations
   863 | D        | Noticed a red devil
   880 | D        | Killed a red devil
   905 | D        | Noticed a great orb of eyes
   913 | D        | Gained mutation: You sometimes gain power by taking damage.
                  | [demonic ancestry]
   913 | D        | Reached XP level 9. HP: 57/61 MP: 11/20
   913 | D        | Killed a great orb of eyes
   914 | D        | Reached skill level 16 in Invocations
   967 | D        | Noticed an elephant
   973 | D        | Killed an elephant
   976 | D        | Killed an unseen horror
   977 | D        | Reached skill level 15 in Axes
   977 | D        | Reached skill level 17 in Invocations
  1080 | D        | Noticed Josephine
  1083 | D        | Killed Josephine
  1084 | D        | Gained mutation: You have razor-sharp toenails. [demonic
                  | ancestry]
  1084 | D        | Reached XP level 10. HP: 67/67 MP: 9/22
  1086 | D        | Noticed a death yak
  1088 | D        | Reached skill level 18 in Invocations
  1090 | D        | Noticed a death yak
  1092 | D        | Noticed an eidolon
  1092 | D        | Noticed a death yak
  1101 | D        | Killed a death yak
  1101 | D        | Noticed a lindwurm
  1105 | D        | Noticed a naga warrior
  1105 | D        | Killed a death yak
  1106 | D        | Killed an eidolon
  1106 | D        | Killed a lindwurm
  1107 | D        | Reached skill level 10 in Dodging
  1107 | D        | Reached skill level 19 in Invocations
  1107 | D        | Reached XP level 11. HP: 45/72 MP: 16/24
  1110 | D        | Killed a naga warrior
  1110 | D        | Killed a death yak
  1272 | D        | Reached skill level 20 in Invocations
  1403 | D        | Noticed a sea snake
  1403 | D        | Noticed Grum
  1411 | D        | Killed a sea snake
  1416 | D        | Killed Grum
  1417 | D        | Reached skill level 5 in Fighting
  1788 | D        | Noticed a deep elf pyromancer
  1790 | D        | Killed a deep elf pyromancer
  1804 | D        | Noticed an anaconda
  1817 | D        | Killed an anaconda
  1839 | D        | Noticed a spriggan druid
  1845 | D        | Noticed an eight-headed hydra
  1846 | D        | Killed a spriggan druid
  1847 | D        | Reached skill level 5 in Armour
  1851 | D        | Killed an eight-headed hydra
  1961 | D        | Noticed a wizard
  1963 | D        | Killed a wizard
  1964 | D        | Reached XP level 12. HP: 86/86 MP: 17/26
  2094 | D        | Noticed a green death
  2098 | D        | Killed a green death
  2099 | D        | Reached skill level 10 in Armour
  2103 | D        | Noticed Agnes
  2104 | D        | Noticed a sphinx
  2108 | D        | Killed Agnes
  2125 | D        | Killed a sphinx
  2193 | D        | Noticed an eidolon
  2201 | D        | Killed an eidolon
  2478 | D        | Noticed Sonja
  2479 | D        | Killed Sonja
  2536 | D        | Noticed a death knight
  2549 | D        | Killed a death knight
  2562 | D        | Noticed a boulder beetle
  2581 | D        | Killed a boulder beetle
  2582 | D        | Reached skill level 10 in Fighting
  2582 | D        | Gained mutation: You have an extremely huge brain. (Int +4)
                  | [demonic ancestry]
  2582 | D        | Reached XP level 13. HP: 55/104 MP: 22/27
  2840 | D        | Noticed a black draconian
  2840 | D        | Noticed a minotaur
  2841 | D        | Noticed a death cob
  2841 | D        | Noticed an orc warlord
  2843 | D        | Killed a minotaur
  2843 | D        | Killed a lorocyproca
  2845 | D        | Killed a black draconian
  2845 | D        | Killed an orc warlord
  2849 | D        | Killed a death cob
  2856 | D        | Reached skill level 15 in Fighting
  2980 | D        | Noticed a white draconian
  2981 | D        | Noticed a fire dragon
  2983 | D        | Killed a white draconian
  2994 | D        | Killed a fire dragon
  3443 | D        | Noticed a nagaraja
  3448 | D        | Noticed a death cob
  3450 | D        | Noticed an angel
  3451 | D        | Reached skill level 21 in Invocations
  3456 | D        | Killed a nagaraja
  3458 | D        | Noticed an orc warlord
  3459 | D        | Noticed a ghost moth
  3460 | D        | Reached skill level 15 in Armour
  3460 | D        | Noticed a stone giant
  3461 | D        | Noticed a frost giant
  3462 | D        | Killed a ghost moth
  3463 | D        | Gained mutation: You have claws for feet. [demonic
                  | ancestry]
  3463 | D        | Reached XP level 14. HP: 69/128 MP: 2/28
  3465 | D        | Killed a death cob
  3466 | D        | Killed an orc warlord
  3470 | D        | Killed a stone giant
  3470 | D        | Killed an angel
  3471 | D        | Reached skill level 5 in Evocations
  3774 | D        | Noticed a profane servitor
  3791 | D        | Killed a profane servitor
  3792 | D        | Reached skill level 22 in Invocations
  4052 | D        | Killed a frost giant
  4208 | D        | Identified the +6 leather armour of the Archfiend {rPois
                  | Stlth+}
  4208 | D        | Identified the ring "Xyemotij" {rC+ Str+2 Dex+5}
  4272 | D        | Noticed a vampire knight
  4272 | D        | Noticed a stone giant
  4272 | D        | Noticed a shadow dragon
  4272 | D        | a stone giant changed into a shadow dragon
  4275 | D        | Noticed a quicksilver dragon
  4284 | D        | Killed a vampire knight
  4284 | D        | Noticed a stone giant
  4284 | D        | a quicksilver dragon changed into a stone giant
  4287 | D        | a stone giant changed into a seven-headed hydra
  4316 | D        | Noticed a tentacled monstrosity
  4317 | D        | Noticed Frederick
  4317 | D        | Noticed a deep elf master archer
  4321 | D        | Killed a deep elf master archer
  4336 | D        | Noticed Nikola
  4341 | D        | Killed a tentacled monstrosity
  4341 | D        | Killed Frederick
  4347 | D        | Killed Nikola
  4348 | D        | Reached skill level 23 in Invocations
  4366 | D        | Gained mutation: You have an absolutely massive brain. (Int
                  | +6, Wiz) [demonic ancestry]
  4366 | D        | Reached XP level 15. HP: 38/137 MP: 1/30
  4729 | D        | Noticed a white draconian monk
  4739 | D        | Noticed an Ice Fiend
  4741 | D        | Noticed a nagaraja
  4741 | D        | Noticed Louise
  4743 | D        | Killed a nagaraja
  4744 | D        | Reached skill level 10 in Evocations
  4744 | D        | Killed an Ice Fiend
  4745 | D        | Reached skill level 15 in Dodging
  4748 | D        | Noticed a shadow dragon
  4752 | D        | Killed a white draconian monk
  4754 | D        | Killed Louise
  4764 | D        | Killed from afar by a shadow dragon

Illustrated notes

Levels and vault maps discovered:
D:        pitsprint [storerooms_1, entrance_room_1, metal_vault_2, armoury_3,
          mini_pit_1, grid_room_1, main_hall_1, silver_pit, the_coven_1,
          the_vestibule_1, steel_vault_2, golden_pit, hallway_of_sentries,
          crystal_vault_3, iron_vault_2, final_vault]

Skill      XL: |  1  2  3  4  5  6  7  8  9 10 11 12 13 14 15 |
---------------+----------------------------------------------+-----
Axes           | 4 9 10 12 14 15 16 18 19 20 | 20.0
Invocations    | 2 7 13 15 17 19 20 21 23 | 23.8
Dodging        | 4 8 10 11 12 14 15 | 15.5
Fighting       | 5 10 17 18 19 | 19.1
Armour         | 6 14 15 16 17 | 17.2
Evocations     | 3 9 11 | 11.0
Throwing       | |  1.7

Action                   |  1- 3 |  4- 6 |  7- 9 | 10-12 | 13-15 || total
-------------------------+-------+-------+-------+-------+-------++-------
Melee: War axe           |     8 |    49 |     9 |       |       ||    66
       Kick              |       |    11 |     8 |    44 |    58 ||   121
       Broad axe         |       |       |    15 |   109 |    14 ||   138
       Battleaxe         |       |       |       |       |   115 ||   115
Invok: Upheaval          |       |     2 |    10 |    40 |    50 ||   102
       Disaster Area     |       |       |       |     1 |     1 ||     2
       Elemental Force   |       |       |       |     1 |     3 ||     4
Evoke: Box of beasts     |       |       |       |       |     1 ||     1
       Tin of tremorston |       |       |       |       |     1 ||     1
  Use: Potion            |     1 |     2 |       |     7 |    11 ||    21
       Scroll            |       |       |       |     1 |     1 ||     2
Armor: Leather armour    |     2 |     3 |       |       |       ||     5
       Chain mail        |       |    25 |     6 |     5 |       ||    36
       Plate armour      |       |       |       |    31 |    41 ||    72
       Scale mail        |       |       |       |       |    33 ||    33
Dodge: Dodged            |     5 |    11 |     6 |    41 |    92 ||   155
       Repelled          |       |       |       |     1 |     4 ||     5
Block: Other             |       |    12 |     9 |    26 |    47 ||    94

Table legend: (Time is in decaauts)
 A = Elapsed time spent in this place.
 B = Non-inter-level travel time spent in this place.
 C = Inter-level travel time spent in this place.
 D = Time resting spent in this place.
 E = Time spent auto-exploring this place.
 F = Levels seen in this place.
 G = Mean time per level.
                   A        B        C        D        E       F      G
               +--------+--------+--------+--------+--------+-----+--------+
         Total |   4752 |   4638 |    114 |   2955 |      0 |   1 | 4752.0 |
       Dungeon |   4752 |   4638 |    114 |   2955 |      0 |   1 | 4752.0 |
               +--------+--------+--------+--------+--------+-----+--------+

Top non-repeatable levels by time:
       D: 4752 daAuts
